 Dungeon Crawl Stone Soup version 0.26-a0-771-g060e6a62af (webtiles) character file.

Game seed: 11046457962202286520

18 reriks the Skirmisher (level 2, -4/33 HPs)
             Began as an Ogre Berserker on Nov 8, 2020.
             Was a Follower of Trog.
             Slain by a kobold
             ... wielding a +0 short sword
              (5 damage)
             ... on level 2 of the Dungeon.
             The game lasted 00:00:59 (1101 turns).

reriks the Skirmisher (Ogre Berserker)              Turns: 1101, Time: 00:01:00

Health: -4/33      AC:  0    Str: 20    XL:     2   Next: 70%
Magic:  2/2        EV: 10    Int:  8    God:    Trog [*.....]
Gold:   31         SH:  0    Dex:  8    Spells: 1/1 levels left

rFire    . . .     SeeInvis .   a - +0 mace
rCold    . . .     Faith    .   (no shield)
rNeg     . . .     Spirit   .   e - +1 animal skin
rPois    .         Reflect  .   (helmet restricted)
rElec    .         Harm     .   (no cloak)
rCorr    .         Rampage  .   (gloves unavailable)
MR       .....                  (boots unavailable)
Stlth    +.........             d - amulet of inaccuracy (curse)
HPRegen  0.11/turn              h - -4 ring of protection (curse)
MPRegen  0.08/turn              (no ring)

@: no status effects
A: large, unfitting armour, tough skin 1
a: Berserk, Renounce Religion


You were on level 2 of the Dungeon.
You worshipped Trog.
Trog was aware of your devotion.
You visited 1 branch of the dungeon, and saw 2 of its levels.

You collected 31 gold pieces.

Inventory:

Hand Weapons
 a - a +0 mace (weapon)
Missiles
 i - 7 boomerangs (quivered)
Armour
 e - a +1 animal skin (worn)
Jewellery
 d - a cursed amulet of inaccuracy (around neck)
 h - a cursed -4 ring of protection (left hand)
Scrolls
 f - a scroll of amnesia
Potions
 c - a potion of curing {unknown}
 j - a potion of berserk rage {unknown}


   Skills:
 + Level 4.3 Fighting
 + Level 2.9 Maces & Flails
 + Level 0.0 Throwing
 + Level 0.6 Armour
 + Level 3.0 Dodging


You had one spell level left.
You didn't know any spells.
Your spell library was empty.

Dungeon Overview and Level Annotations

Branches:
Dungeon (2/15)

Altars:


Innate Abilities, Weirdness & Mutations

You are too large for most types of armour.
You have tough skin. (AC +1)


Message History

You are too injured to fight recklessly!
You are too injured to fight recklessly!
You are too injured to fight recklessly!
You are too injured to fight recklessly!
You are too injured to fight recklessly!
You are too injured to fight recklessly!
You are too injured to fight recklessly!
You miss the kobold. The kobold barely misses you. x2
The kobold hits you with a +0 short sword.
You miss the kobold. The kobold barely misses you. x2
You miss the kobold.
The kobold hits you with a cursed -2 dagger.
* * * LOW HITPOINT WARNING * * *
The kobold hits you with a +0 short sword!
* * * LOW HITPOINT WARNING * * *
You miss the kobold.
The kobold hits you with a cursed -2 dagger.
* * * LOW HITPOINT WARNING * * *
The kobold hits you with a +0 short sword.
You die...

###########
#.........#
###.........#
...........+
#.........#
+....K.$..#
#...@K....#
#.........#
#.........#
...........#
#....##+###+##
#.... #...
#...


You could see 2 kobolds.

Vanquished Creatures
  A dart slug (D:1)
  2 leopard geckos (D:1)
  2 bats (D:1)
  A giant cockroach (D:1)
  3 jackals (D:1)
  A goblin (D:1)
  A kobold (D:1)
  4 rats (D:1)
15 creatures vanquished.

Notes
Turn   | Place    | Note
-------+----------+-------------------------------------------
     0 | D:1      | reriks the Ogre Berserker began the quest for the Orb.
     0 | D:1      | Reached XP level 1. HP: 24/24 MP: 1/1
   180 | D:1      | Reached XP level 2. HP: 31/32 MP: 2/2
  1101 | D:2      | HP: 1/33 [kobold/cursed -2 dagger (1)]
  1101 | D:2      | Slain by a kobold

Illustrated notes

Levels and vault maps discovered:
D:1:      nzn_arrival_crosshair, layout_loops_ring
D:2:      layout_basic, makhleb_heckhound_becter

Skill      XL: |  1  2 |
---------------+-------+-----
Dodging        | 3 |  3.0
Fighting       | |  4.3
Maces & Flails | |  2.9
Armour         | |  0.6

Action                   || total
-------------------------++-------
Melee: Mace              ||    70
  Use: Scroll            ||     2
Armor: Animal skin       ||    24
Dodge: Dodged            ||    45

Table legend: (Time is in decaauts)
 A = Elapsed time spent in this place.
 B = Non-inter-level travel time spent in this place.
 C = Inter-level travel time spent in this place.
 D = Time resting spent in this place.
 E = Time spent auto-exploring this place.
 F = Levels seen in this place.
 G = Mean time per level.
                   A        B        C        D        E       F      G
               +--------+--------+--------+--------+--------+-----+--------+
         Total |   1117 |   1050 |     67 |    274 |    611 |   2 |  558.5 |
       Dungeon |   1117 |   1050 |     67 |    274 |    611 |   2 |  558.5 |
               +--------+--------+--------+--------+--------+-----+--------+

Top non-repeatable levels by time:
     D:1: 1101 daAuts
     D:2: 16 daAuts
